[Event "FIDE Womens Grand Prix 2019-20"]
[Site "Skolkovo"]
[Date "2019.09.21"]
[Round "10.1"]
[White "Ju, Wenjun"]
[Black "Goryachkina, Aleksandra"]
[Result "1/2-1/2"]
[ECO "A20"]
[WhiteElo "2576"]
[BlackElo "2564"]
[Annotator "ChessBase"]
[PlyCount "120"]
[EventDate "2019.09.11"]
[EventType "tourn"]
[EventCountry "RUS"]
[SourceTitle "playchess.com"]
[Source "ChessBase"]
[SourceQuality "1"]
[TimeControl "40/5400+30:1800+30"]

1. c4 e5 2. g3 c6 3. Nf3 e4 4. Nd4 d5 5. cxd5 Qxd5 6. Nc2 Nf6 7. Nc3 Qe5 8. Bg2 Na6 9. O-O Be7 10. d3 exd3 11. Qxd3 O-O 12. e4 Qh5 13. Qd1 Bg4 14. f3 Rad8 15. Qe2 Bh3 16. Be3 Bc5 17. Rad1 Bxg2 18. Kxg2 Nc7 19. Nd4 Bxd4 20. Bxd4 c5 21. g4 Qg5 22. f4 Qxg4+ 23. Qxg4 Nxg4 24. Bxc5 Rxd1 25. Rxd1 Ne6 26. Bxa7 f5 27. Kg3 h5 28. exf5 Rxf5 29. Nd5 Kf7 30. h3 Nf6 31. Nxf6 Kxf6 32. Be3 Rb5 33. b3 Ke7 34. Kf3 g5 35. fxg5 Nxg5+ 36. Bxg5+ Rxg5 37. Rd4 Ke6 38. h4 Ra5 39. a4 b5 40. axb5 Rxb5 41. b4 Rf5+ 42. Ke2 Ke5 43. Rc4 Kd6 44. Ke3 Rf1 45. Ke4 Rf2 46. Rd4+ Kc6 47. Ke5 Kb5 48. Rf4 Rg2 49. Kf6 Rg1 50. Rf5+ Kxb4 51. Rxh5 Rh1 52. Rh8 Rf1+ 53. Ke5 Re1+ 54. Kf4 Rf1+ 55. Kg3 Kc5 56. h5 Rh1 57. Kg4 Kd6 58. h6 Ke7 59. h7 Kf7 60. Ra8 Rxh7 1/2-1/2

[Event "FIDE Womens Grand Prix 2019-20"]
[Site "Skolkovo"]
[Date "2019.09.21"]
[Round "10.2"]
[White "Cramling, Pia"]
[Black "Kosteniuk, Alexandra"]
[Result "0-1"]
[ECO "E04"]
[WhiteElo "2487"]
[BlackElo "2495"]
[Annotator "ChessBase"]
[PlyCount "68"]
[EventDate "2019.09.11"]
[EventType "tourn"]
[EventCountry "RUS"]
[SourceTitle "playchess.com"]
[Source "ChessBase"]
[SourceQuality "1"]
[TimeControl "40/5400+30:1800+30"]

1. Nf3 d5 2. d4 Nf6 3. c4 e6 4. g3 dxc4 5. Bg2 a6 6. O-O Nc6 7. e3 Rb8 8. Qe2 b5 9. b3 cxb3 10. axb3 Bd6 11. Bd2 O-O 12. Rc1 Rb6 13. Ne1 Bb7 14. Nd3 Qa8 15. Qf1 Ne7 16. Ba5 Bxg2 17. Qxg2 Rc6 18. Nd2 Rxc1+ 19. Rxc1 Qa7 20. Nc5 c6 21. Nde4 Nxe4 22. Qxe4 Nd5 23. Qg4 Qe7 24. Qd1 f5 25. Nxa6 f4 26. exf4 Nxf4 27. Be1 Qg5 28. Rc2 Nh3+ 29. Kg2 Qd5+ 30. f3 Ng5 31. Rf2 c5 32. Bd2 Qxd4 33. Qe2 Nf7 34. Qxe6 Qa1 0-1

[Event "FIDE Womens Grand Prix 2019-20"]
[Site "Skolkovo"]
[Date "2019.09.21"]
[Round "10.3"]
[White "Stefanova, Antoaneta"]
[Black "Kashlinskaya, Alina"]
[Result "0-1"]
[ECO "D25"]
[WhiteElo "2491"]
[BlackElo "2487"]
[Annotator "ChessBase"]
[PlyCount "60"]
[EventDate "2019.09.11"]
[EventType "tourn"]
[EventCountry "RUS"]
[SourceTitle "playchess.com"]
[Source "ChessBase"]
[SourceQuality "1"]
[TimeControl "40/5400+30:1800+30"]

1. d4 d5 2. c4 dxc4 3. Nf3 Nf6 4. e3 Bg4 5. Bxc4 e6 6. h3 Bh5 7. Qb3 Bxf3 8. gxf3 c5 9. Qxb7 Nbd7 10. d5 Rb8 11. Qxa7 exd5 12. Be2 c4 13. Qd4 Bc5 14. Qh4 O-O 15. Rg1 Re8 16. Nd2 Qa5 17. a3 c3 18. b4 Qa4 19. Bd1 c2 20. Be2 Rxb4 21. axb4 Qxa1 22. Nb3 Qc3+ 23. Kf1 Bxb4 24. Nd4 g6 25. f4 Bc5 26. Nf5 d4 27. exd4 Bxd4 28. Qh6 Ne4 29. Nxd4 Qxd4 30. Qh4 Nd2+ 0-1

[Event "FIDE Womens Grand Prix 2019-20"]
[Site "Skolkovo"]
[Date "2019.09.21"]
[Round "10.4"]
[White "Paehtz, Elisabeth"]
[Black "Sebag, Marie"]
[Result "1/2-1/2"]
[ECO "B51"]
[WhiteElo "2479"]
[BlackElo "2450"]
[Annotator "ChessBase"]
[PlyCount "64"]
[EventDate "2019.09.11"]
[EventType "tourn"]
[EventCountry "RUS"]
[SourceTitle "playchess.com"]
[Source "ChessBase"]
[SourceQuality "1"]
[TimeControl "40/5400+30:1800+30"]

1. e4 c5 2. Nf3 d6 3. Bb5+ Nd7 4. Ba4 Ngf6 5. O-O a6 6. c4 e6 7. Nc3 Be7 8. d3 O-O 9. h3 Qc7 10. Bf4 b6 11. Qe2 Bb7 12. Bh2 Rac8 13. Nd2 Ne5 14. f4 Nc6 15. Nf3 Nd7 16. Rae1 Nd4 17. Nxd4 cxd4 18. Nb1 b5 19. cxb5 Nc5 20. Bd1 Qa5 21. Na3 axb5 22. f5 e5 23. f6 Bxf6 24. Rxf6 gxf6 25. Rf1 Kh8 26. Bg3 Rg8 27. Bh4 Nd7 28. Qf2 Rc1 29. Bxf6+ Nxf6 30. Qxf6+ Rg7 31. Nxb5 Qxb5 32. Qd8+ Rg8 1/2-1/2

[Event "FIDE Womens Grand Prix 2019-20"]
[Site "Skolkovo"]
[Date "2019.09.21"]
[Round "10.5"]
[White "Gunina, Valentina"]
[Black "Harika, Dronavalli"]
[Result "1-0"]
[ECO "D59"]
[WhiteElo "2502"]
[BlackElo "2503"]
[Annotator "ChessBase"]
[PlyCount "105"]
[EventDate "2019.09.11"]
[EventType "tourn"]
[EventCountry "RUS"]
[SourceTitle "playchess.com"]
[Source "ChessBase"]
[SourceQuality "1"]
[TimeControl "40/5400+30:1800+30"]

1. d4 d5 2. c4 e6 3. Nf3 Nf6 4. Nc3 Be7 5. Bg5 h6 6. Bh4 O-O 7. e3 b6 8. cxd5 Nxd5 9. Bxe7 Qxe7 10. Nxd5 exd5 11. Rc1 Be6 12. Bd3 c5 13. dxc5 bxc5 14. O-O Nd7 15. Qa4 Rfb8 16. Bb5 a5 17. Rfd1 Ra7 18. b3 c4 19. bxc4 Nb6 20. Qc2 Nxc4 21. Nd4 Na3 22. Qd3 Nxb5 23. Nxb5 Rab7 24. Nd4 Bd7 25. h3 a4 26. a3 Rb2 27. Rc2 Qf6 28. Rdc1 g6 29. Qc3 Rxc2 30. Rxc2 Qd6 31. Rc1 Rc8 32. Qa1 Rc4 33. Rd1 Rc8 34. Ne2 Bb5 35. Nf4 Bc4 36. Nxd5 Bxd5 37. e4 Rc5 38. Qd4 Rc8 39. exd5 Qxa3 40. d6 Qb3 41. d7 Rd8 42. Re1 Qb5 43. Re7 a3 44. Qf6 Qb1+ 45. Kh2 Qb8+ 46. g3 Rf8 47. Rxf7 Rxf7 48. d8=Q+ Qxd8 49. Qxd8+ Kh7 50. Kg2 Ra7 51. Qb6 Ra4 52. Qc7+ Kg8 53. Qd8+ 1-0

[Event "FIDE Womens Grand Prix 2019-20"]
[Site "Skolkovo"]
[Date "2019.09.21"]
[Round "10.6"]
[White "Lagno, Kateryna"]
[Black "Koneru, Humpy"]
[Result "1/2-1/2"]
[ECO "C42"]
[WhiteElo "2545"]
[BlackElo "2560"]
[Annotator "ChessBase"]
[PlyCount "46"]
[EventDate "2019.09.11"]
[EventType "tourn"]
[EventCountry "RUS"]
[SourceTitle "playchess.com"]
[Source "ChessBase"]
[SourceQuality "1"]
[TimeControl "40/5400+30:1800+30"]

1. e4 e5 2. Nf3 Nf6 3. Nxe5 d6 4. Nf3 Nxe4 5. d4 d5 6. Bd3 Bf5 7. O-O Be7 8. Re1 O-O 9. c4 Nc6 10. cxd5 Qxd5 11. Nc3 Nxc3 12. bxc3 Rae8 13. Bf4 Bd8 14. Be2 Be4 15. Qd2 Qa5 16. Rad1 Be7 17. Be3 h6 18. Qb2 Ba3 19. Qb3 Bd5 20. Qc2 Be4 21. Qb3 Bd5 22. Qc2 Be4 23. Qb3 Bd5 1/2-1/2

[Event "FIDE Womens Grand Prix 2019-20"]
[Site "Skolkovo"]
[Date "2019.09.22"]
[Round "11.1"]
[White "Koneru, Humpy"]
[Black "Ju, Wenjun"]
[Result "1/2-1/2"]
[ECO "D38"]
[WhiteElo "2560"]
[BlackElo "2576"]
[Annotator "ChessBase"]
[PlyCount "70"]
[EventDate "2019.09.11"]
[EventType "tourn"]
[EventCountry "RUS"]
[SourceTitle "playchess.com"]
[Source "ChessBase"]
[SourceQuality "1"]
[TimeControl "40/5400+30:1800+30"]

1. d4 Nf6 2. Nf3 d5 3. c4 e6 4. Nc3 Bb4 5. Bg5 h6 6. Bxf6 Qxf6 7. Qb3 c5 8. cxd5 exd5 9. a3 Bxc3+ 10. Qxc3 b6 11. e3 Nd7 12. Be2 O-O 13. O-O Bb7 14. Bb5 Rfd8 15. Rfc1 c4 16. Bxd7 Rxd7 17. b3 Rc8 18. Nd2 cxb3 19. Qxb3 Rdc7 20. Qb2 Qd6 21. Nb3 Ba6 22. Rxc7 Rxc7 23. h3 Bd3 24. Rc1 Rxc1+ 25. Qxc1 a5 26. Qc3 Qxa3 27. Qxd3 a4 28. Qa6 Kh7 29. Nc5 bxc5 30. dxc5 d4 31. exd4 Qa1+ 32. Kh2 Qxd4 33. c6 Qf4+ 34. Kg1 Qc1+ 35. Kh2 Qf4+ 1/2-1/2

[Event "FIDE Womens Grand Prix 2019-20"]
[Site "Skolkovo"]
[Date "2019.09.22"]
[Round "11.2"]
[White "Harika, Dronavalli"]
[Black "Lagno, Kateryna"]
[Result "1/2-1/2"]
[ECO "D76"]
[WhiteElo "2503"]
[BlackElo "2545"]
[Annotator "ChessBase"]
[PlyCount "60"]
[EventDate "2019.09.11"]
[EventType "tourn"]
[EventCountry "RUS"]
[SourceTitle "playchess.com"]
[Source "ChessBase"]
[SourceQuality "1"]
[TimeControl "40/5400+30:1800+30"]

1. Nf3 Nf6 2. g3 g6 3. Bg2 Bg7 4. O-O O-O 5. c4 d5 6. cxd5 Nxd5 7. d4 Nb6 8. Nc3 Nc6 9. e3 Re8 10. h3 a5 11. d5 Ne5 12. Nxe5 Bxe5 13. e4 e6 14. Bh6 exd5 15. exd5 Nc4 16. Qc1 Nd6 17. Re1 Bd7 18. Bg5 Bf6 19. Rxe8+ Bxe8 20. Bxf6 Qxf6 21. Ne4 Nxe4 22. Bxe4 c6 23. dxc6 Bxc6 24. Bxc6 Rc8 25. Qd2 Rxc6 26. Rc1 Rxc1+ 27. Qxc1 Qe6 28. h4 Qxa2 29. Qc8+ Kg7 30. Qxb7 h5 1/2-1/2

[Event "FIDE Womens Grand Prix 2019-20"]
[Site "Skolkovo"]
[Date "2019.09.22"]
[Round "11.5"]
[White "Kosteniuk, Alexandra"]
[Black "Stefanova, Antoaneta"]
[Result "0-1"]
[ECO "C84"]
[WhiteElo "2495"]
[BlackElo "2491"]
[Annotator "ChessBase"]
[PlyCount "66"]
[EventDate "2019.09.11"]
[EventType "tourn"]
[EventCountry "RUS"]
[SourceTitle "playchess.com"]
[Source "ChessBase"]
[SourceQuality "1"]
[TimeControl "40/5400+30:1800+30"]

1. e4 e5 2. Nf3 Nc6 3. Bb5 a6 4. Ba4 Nf6 5. O-O Be7 6. d3 b5 7. Bb3 O-O 8. Nc3 Bb7 9. a3 d6 10. Ba2 h6 11. Re1 Re8 12. b4 Qd7 13. Bb2 Bf8 14. Nd5 Nxd5 15. Bxd5 Rab8 16. c4 Ne7 17. Bxb7 Rxb7 18. d4 exd4 19. Qxd4 c5 20. bxc5 Nc6 21. Qc3 dxc5 22. Rad1 Qc7 23. cxb5 axb5 24. Rd5 c4 25. Nh4 b4 26. Qc1 c3 27. Ba1 Ra8 28. axb4 Nxb4 29. Rdd1 Rxa1 30. Qxa1 Nc2 31. Qa2 Rb2 32. Qa8 Nxe1 33. Rd8 Qc5 0-1